 Dungeon Crawl Stone Soup version 0.19.0-19-g8c6edcc (webtiles) character file.

3212 mmcf the Basher (level 9, -4/133 HPs)
             Began as a Minotaur Berserker on Nov 13, 2016.
             Was a High Priest of Trog.
             Killed from afar by an electric eel (10 damage)
             ... with a bolt of electricity
             ... on level 8 of the Dungeon.
             The game lasted 00:11:04 (6171 turns).

mmcf the Basher (Minotaur Berserker)                Turns: 6171, Time: 00:11:05

Health: -4/133     AC: 12    Str: 26    XL:     9   Next: 65%
Magic:  8/8        EV: 15    Int:  5    God:    Trog [*****.]
Gold:   382        SH:  3    Dex: 13    Spells: 0 memorised, 8 levels left

rFire  + . .     SeeInvis .     a - +0 morningstar
rCold  . . .     Gourm    .     m - +0 chain mail
rNeg   . . .     Faith    .     (no shield)
rPois  .         Spirit   .     (helmet restricted)
rElec  .         Reflect  +     (no cloak)
rCorr  .         Harm     .     L - +0 pair of gloves
MR     ++...                    (no boots)
Stlth  ..........               e - +3 amulet of reflection
                                d - ring of protection from fire
                                f - +3 ring of evasion

@: berserking, regenerating, very quick
A: retaliatory headbutt, horns 2, robust 1
a: Berserk, Trog's Hand, Brothers in Arms, Burn Spellbooks, Renounce Religion


You were on level 8 of the Dungeon.
You worshipped Trog.
Trog was extremely pleased with you.
You were very hungry.

You visited 2 branches of the dungeon, and saw 10 of its levels.

You collected 382 gold pieces.

Inventory:

Hand Weapons
 a - a +0 morningstar (weapon)
 b - a +0 hunting sling
Missiles
 x - 6 tomahawks (quivered)
 y - 6 curare-tipped needles
 C - 17 poisoned needles
 K - 28 sling bullets
Armour
 m - a +0 chain mail (worn)
 L - a +0 pair of gloves (worn)
Jewellery
 d - a ring of protection from fire (right hand)
 e - a +3 amulet of reflection (around neck)
 f - a +3 ring of evasion (left hand)
 E - an uncursed amulet of regeneration
 G - a +4 ring of intelligence
Wands
 I - a wand of heal wounds (3/9)
Scrolls
 i - a scroll of noise
 k - a scroll of magic mapping {unknown}
 l - a scroll of immolation
 n - a scroll of blinking
 p - a scroll of enchant armour {unknown}
 q - a scroll of remove curse
 r - a scroll of fog {unknown}
 s - 3 scrolls of amnesia {unknown}
 v - 2 scrolls of fear {unknown}
 w - a scroll of recharging {unknown}
 J - a scroll of teleportation
 N - a scroll of identify
Potions
 h - 2 potions of brilliance
 t - a potion of mutation
 u - 2 potions of curing
 A - a potion of haste
 B - a potion of flight
 F - a potion of might {unknown}
Miscellaneous
 M - a phial of floods
Comestibles
 c - 10 bread rations
 g - 8 meat rations
 j - 2 beef jerkies
 o - 5 fruits
 z - 3 chunks of flesh
 D - a royal jelly
 H - a slice of pizza


   Skills:
 + Level 8.1 Fighting
 * Level 11.0 Maces & Flails
 - Level 7.3 Armour
 - Level 7.0 Dodging
 + Level 0.1 Evocations


You had 8 spell levels left.
You didn't know any spells.

Dungeon Overview and Level Annotations

Branches:
Dungeon (9/15)             Temple (1/1) D:5
   Lair: D:8-11         Orc: D:9-12

Altars:
Fedhas
Uskayaw
Yredelemnul

Shops:
D:4 (


Innate Abilities, Weirdness & Mutations

You reflexively headbutt those who attack you in melee.
You have a pair of horns on your head.
You are robust. (+10% HP)


Message History

* * * LOW HITPOINT WARNING * * *
You feel better.
The electric eel shoots out a bolt of lightning at you!
The bolt of electricity hits you!
* * * LOW HITPOINT WARNING * * *
A red film seems to cover your vision as you go berserk!
You feel yourself moving faster!
You feel mighty!
You are feeling very hungry.
The electric eel shoots out a bolt of lightning at you!
The bolt of electricity misses you.
The electric eel shoots out a bolt of lightning at you!
The bolt of electricity hits you!
* * * LOW HITPOINT WARNING * * *
You bludgeon the electric eel!!
You kill the electric eel!
Trog accepts your kill.
Your Maces & Flails skill increases to level 11!
The electric eel shoots out a bolt of lightning at you!
The bolt of electricity hits you!
You die...

.........#
#.#######
.........#
#........
######+####
#.####### #..[...#
#.# #......# #.#
#......# #.#
#######...≈.†# #.#
.........≈≈≈.###.##
..≈≈≈≈≈@..≈≈......#
.≈≈≈≈≈≈...........#
.≈≈≈≈;≈..≈........#
.≈≈≈≈≈≈..≈........#
..≈≈≈≈≈...........#
..................#
........####......#
........# #......#


You could see an electric eel.

Vanquished Creatures
  Joseph (D:7)
  A spriggan (D:7)
  3 ice beasts
  An orc warrior (D:8)
  5 ogres
  A sky beast (D:5)
  2 centaurs (D:5)
  A big kobold (D:8)
  A wyvern skeleton (D:8)
  2 scorpions (D:5)
  An electric eel (D:8)
  4 wights (D:8)
  2 howler monkeys
  3 crimson imps
  2 quasits
  2 orc priests
  7 hounds
  3 orc wizards
  A bullfrog skeleton (D:6)
  6 iguanas
  5 worker ants
  A hound skeleton (D:7)
  A hound zombie (D:8)
  A worker ant zombie (D:9)
  13 adders
  7 gnolls
  A shadow imp (D:6)
  3 oozes
  An adder skeleton (D:5)
  2 worms
  5 dart slugs
  7 leopard geckos
  26 orcs
  4 ball pythons
  6 giant cockroaches
  6 goblins
  7 hobgoblins
  5 jackals
  17 kobolds
  2 quokkas
  11 bats
  4 frilled lizards (D:2)
  A leopard gecko skeleton (D:4)
  A leopard gecko zombie (D:6)
  8 rats
194 creatures vanquished.

Notes
Turn   | Place    | Note
-------+----------+-------------------------------------------
     0 | D:1      | mmcf the Minotaur Berserker began the quest for the Orb.
     0 | D:1      | Reached XP level 1. HP: 19/19 MP: 0/0
    50 | D:1      | Reached XP level 2. HP: 17/27 MP: 1/1
   197 | D:2      | Reached skill level 4 in Maces & Flails
   197 | D:2      | Reached XP level 3. HP: 21/33 MP: 2/2
   347 | D:1      | Reached ** piety under Trog
   580 | D:1      | Reached XP level 4. HP: 6/40 MP: 3/3
  1120 | D:2      | Reached skill level 5 in Maces & Flails
  1309 | D:2      | Reached *** piety under Trog
  1704 | D:3      | Found a blossoming altar of Fedhas.
  1717 | D:3      | Reached XP level 5. HP: 46/46 MP: 4/4
  1747 | D:4      | Noticed an ogre
  1753 | D:4      | Killed an ogre
  1754 | D:4      | Reached skill level 6 in Maces & Flails
  1757 | D:4      | Reached XP level 6. HP: 53/53 MP: 5/5
  2360 | D:3      | Reached **** piety under Trog
  2446 | D:4      | Found Ibriyhur's Antique Weapon Shop.
  2463 | D:4      | Reached skill level 5 in Fighting
  2573 | D:5      | Entered Level 5 of the Dungeon
  3096 | D:4      | Reached skill level 7 in Maces & Flails
  3096 | D:4      | Reached XP level 7. HP: 61/61 MP: 6/6
  3431 | D:5      | Found a staircase to the Ecumenical Temple.
  3506 | D:5      | Reached skill level 5 in Armour
  3788 | D:6      | Reached skill level 8 in Maces & Flails
  3788 | D:6      | Reached skill level 5 in Dodging
  3788 | D:6      | Reached XP level 8. HP: 70/70 MP: 7/7
  3972 | Temple   | Entered the Ecumenical Temple
  4374 | D:5      | Reached skill level 9 in Maces & Flails
  4491 | D:5      | Gained mutation: You are robust. (+10% HP) [potion of beneficial mutation]
  4852 | D:6      | Reached ***** piety under Trog
  5184 | D:7      | Reached XP level 9. HP: 75/86 MP: 8/8
  5275 | D:7      | Noticed Joseph
  5291 | D:7      | Reached skill level 10 in Maces & Flails
  5297 | D:7      | Killed Joseph
  6170 | D:8      | HP: 5/133 [electric eel/bolt of electricity (9)]
  6171 | D:8      | Reached skill level 11 in Maces & Flails
  6171 | D:8      | Killed from afar by an electric eel

Skill      XL: |  1  2  3  4  5  6  7  8  9 |
---------------+----------------------------+-----
Fighting       | 4 5 6 7 8 |  8.1
Maces & Flails | 4 5 6 7 8 9 11 | 11.0
Armour         | 3 4 5 6 7 |  7.3
Dodging        | 3 4 5 6 7 |  7.0
Evocations     | |  0.1

Action                   |  1- 3 |  4- 6 |  7- 9 || total
-------------------------+-------+-------+-------++-------
Melee: Mace              |    66 |   126 |       ||   192
       Headbutt          |     4 |    25 |    48 ||    77
       Flail             |       |    24 |    87 ||   111
       Morningstar       |       |       |   164 ||   164
Invok: Berserk           |     1 |     1 |     3 ||     5
       Trog's Hand       |       |       |     3 ||     3
  Use: Scroll            |       |     1 |    12 ||    13
       Potion            |       |       |     2 ||     2
  Eat: Chunk             |       |     9 |    13 ||    22
Armor: Animal skin       |    11 |       |       ||    11
       Chain mail        |       |    62 |    85 ||   147
       Ring mail         |       |     6 |       ||     6
Dodge: Dodged            |    69 |    78 |   192 ||   339
Block: Other             |    12 |    20 |    35 ||    67
       Reflection        |     1 |     1 |     1 ||     3
